 Dungeon Crawl Stone Soup version 0.18-a0-1788-g92de1ac (webtiles) character file.

2694 Ijustatesigmund the Grappler (level 9, -4/89 HPs)
             Began as a Troll Hunter on Apr 20, 2016.
             Slain by a gnoll sergeant
             ... wielding a +0 halberd
              (19 damage)
             ... in a bailey.
             The game lasted 00:30:16 (5115 turns).

Ijustatesigmund the Grappler (Troll Hunter)         Turns: 5115, Time: 00:30:17

Health: -4/89      AC:  9    Str: 22    XL:     9   Next: 38%
Magic:  8/8        EV: 18    Int:  7    God:
Gold:   243        SH:  0    Dex: 18    Spells: 0 memorised, 8 levels left

rFire  . . .     SeeInvis +       - Unarmed
rCold  . . .     Gourm    +     z - +1 robe {MR+}
rNeg   . . .     Faith    .     (no shield)
rPois  .         Spirit   .     (helmet restricted)
rElec  .         Dismiss  .     t - +2 cloak
rCorr  .         Reflect  .     (gloves unavailable)
SustAt .         Harm     .     (boots unavailable)
MR     +....                    (no amulet)
Stlth  +++.......               y - +1 ring of evasion
                                l - ring of see invisible

@: agile, somewhat resistant to hostile enchantments, fairly stealthy
A: unfitting armour, claws 3, fast metabolism 3, gourmand, regeneration 2,
shaggy fur 1, tough skin 2
a: no special abilities


You were in a bailey.
You were completely stuffed.

You visited 2 branches of the dungeon, and saw 8 of its levels.
You also visited: Bailey.

You collected 363 gold pieces.
You spent 120 gold pieces at shops.

Inventory:

Missiles
 c - 2 large rocks (quivered)
 d - 2 throwing nets
Armour
 t - a +2 cloak (worn)
 z - a +1 robe of magic resistance (worn)
Jewellery
 a - a +4 ring of strength
 h - a +6 ring of intelligence
 i - an uncursed ring of positive energy
 l - a ring of see invisible (left claw)
 u - an uncursed ring of stealth
 y - a +1 ring of evasion (right claw)
Scrolls
 b - a scroll of magic mapping
 e - a scroll of immolation
 g - a scroll of blinking
 k - 2 scrolls of amnesia
 m - 2 scrolls of teleportation
 r - 3 scrolls of remove curse
 v - 4 scrolls of enchant weapon
Potions
 j - 2 potions of lignification
 n - a potion of cure mutation
 q - 2 potions of brilliance
 s - a potion of mutation
 w - 2 potions of curing
Comestibles
 f - 4 bread rations
 o - 4 fruits
 p - a slice of pizza
 A - 18 chunks of flesh


   Skills:
 + Level 5.6 Fighting
 + Level 5.3 Throwing
 + Level 3.9 Dodging
 - Level 0.4 Stealth
 * Level 9.2 Unarmed Combat


You had 8 spell levels left.
You didn't know any spells.

Dungeon Overview and Level Annotations

Branches:
Dungeon (7/15)             Temple (1/1) D:6

Altars:
Ashenzari
Cheibriados
Dithmenos
Elyvilon
Fedhas
Gozag
Kikubaaqudgha
Makhleb
Pakellas
Qazlal
Ru
Sif Muna
Trog
Vehumet
Yredelemnul
Zin
The Shining One

Shops:
D:4 !


Innate Abilities, Weirdness & Mutations

You are too large for most types of armour.
You have claws for hands.
Your metabolism is lightning-fast.
You like to eat raw meat.
You heal very quickly.
You are covered in fur (AC +1).
You have very tough skin (AC +2).


Message History

The gnoll sergeant hits you from afar with a halberd.
The gnoll shaman misses you.
The gnoll sergeant hits you but does no damage.
The gnoll closely misses you.
You claw the gnoll sergeant!
You kill the gnoll sergeant!
The gnoll closely misses you. The gnoll shaman misses you.
The gnoll sergeant barely misses you.
You completely miss the gnoll. The gnoll shaman misses you.
The gnoll hits you with a halberd! The gnoll sergeant closely misses you.
The gnoll hits you but does no damage.
The gnoll shaman hits you from afar with a halberd!
You claw the gnoll!
You kill the gnoll!
The gnoll sergeant hits you from afar with a halberd!
* * * LOW HITPOINT WARNING * * *
The gnoll shaman hits you from afar with a halberd!
* * * LOW HITPOINT WARNING * * *
The gnoll sergeant hits you from afar with a halberd!!
You die...

♣≈..# #..≈ ♣≈..# #####
#..≈ ♣≈..# ##...## #..≈
♣≈..##+###..)..######..≈
♣≈......#.......#...'...
♣≈...)..'...8..)'...'...
♣≈..(...#.....).#...'...
♣≈..##'###.....######..≈
♣≈..#.)@)##...## #..≈
♣≈..#.)).g##### #..≈
♣≈..#.gggg.... #..≈
♣≈..##.gg...... #..≈
♣≈...##.8..(... #..≈
♣≈≈.. ######### #...≈≈
♣♣≈≈≈ ≈≈≈≈≈≈♣ ♣♣♣♣♣♣


You could see 2 gnoll sergeants, 2 gnoll shamans and 3 gnolls.

Vanquished Creatures
  An orc warrior (D:6)
  4 ice beasts
  A sky beast (D:6)
  4 phantoms
  An ogre (D:3)
  A centaur (D:6)
  Blork the orc (D:4)
  3 gnoll sergeants (Bailey)
  4 scorpions
  A howler monkey (D:7)
  2 crimson imps
  A jelly (D:6)
  5 orc priests
  3 hounds
  2 orc wizards
  2 gnoll shamans (Bailey)
  Crazy Yiuf (D:6)
  A giant frog skeleton (D:5)
  3 iron imps (D:3)
  4 iguanas
  A worker ant (D:6)
  A howler monkey skeleton (D:5)
  2 howler monkey zombies
  7 adders
  18 gnolls
  A shadow imp (D:5)
  An ooze (D:7)
  A worm (D:4)
  A dart slug (D:2)
  5 giant geckos
  14 orcs
  4 bats
  7 giant cockroaches
  4 goblins
  5 hobgoblins
  9 jackals
  14 kobolds
  3 quokkas
  2 ball pythons (D:3)
  A giant gecko skeleton (D:5)
  4 giant newts
  12 rats
162 creatures vanquished.

Vanquished Creatures (collateral kills)
  A wyvern skeleton (D:7)
1 creature vanquished.

Grand Total: 163 creatures vanquished

Notes
Turn   | Place    | Note
--------------------------------------------------------------
     0 | D:1      | Ijustatesigmund the Troll Hunter began the quest for the Orb.
     0 | D:1      | Reached XP level 1. HP: 19/19 MP: 0/0
   110 | D:1      | Reached skill level 1 in Unarmed Combat
   133 | D:1      | Reached XP level 2. HP: 26/28 MP: 1/1
   607 | D:1      | Reached skill level 2 in Unarmed Combat
   897 | D:2      | Reached XP level 3. HP: 32/35 MP: 2/2
  1372 | D:3      | Noticed a scorpion
  1381 | D:2      | Killed a scorpion
  1381 | D:2      | Reached skill level 3 in Unarmed Combat
  1381 | D:2      | Reached XP level 4. HP: 29/44 MP: 3/3
  1489 | D:3      | Reached XP level 5. HP: 36/50 MP: 4/4
  1498 | D:3      | Reached skill level 4 in Unarmed Combat
  1823 | D:3      | Found an oddly glowing altar of Pakellas.
  1864 | D:3      | Found a burning altar of Makhleb.
  1880 | D:3      | Reached XP level 6. HP: 46/61 MP: 5/5
  1884 | D:3      | Reached skill level 5 in Unarmed Combat
  2052 | D:4      | Noticed Blork the orc
  2054 | D:4      | Killed Blork the orc
  2090 | D:4      | Reached skill level 6 in Unarmed Combat
  2090 | D:4      | Reached XP level 7. HP: 60/68 MP: 6/6
  2153 | D:5      | Entered Level 5 of the Dungeon
  2629 | D:4      | Found a radiant altar of Vehumet.
  2750 | D:4      | Reached skill level 7 in Unarmed Combat
  2866 | D:4      | Found Qehuiwkur's Distillery.
  2872 | D:4      | Bought 2 potions of curing for 72 gold pieces
  2872 | D:4      | Bought a potion of agility for 48 gold pieces
  3505 | D:5      | Found an ancient bone altar of Kikubaaqudgha.
  3718 | D:5      | Found a shadowy altar of Dithmenos.
  3731 | D:5      | Reached XP level 8. HP: 61/79 MP: 7/7
  3896 | D:6      | Found a shattered altar of Ashenzari.
  4043 | D:6      | Reached skill level 5 in Fighting
  4043 | D:6      | Reached skill level 8 in Unarmed Combat
  4115 | D:6      | Found a staircase to the Ecumenical Temple.
  4130 | Temple   | Entered the Ecumenical Temple
  4459 | D:6      | Reached XP level 9. HP: 88/88 MP: 8/8
  4702 | D:6      | Noticed Crazy Yiuf
  4706 | D:6      | Killed Crazy Yiuf
  4818 | D:7      | Reached skill level 5 in Throwing
  4926 | D:7      | Found a flagged portal.
  4983 | Bailey   | Entered a bailey
  5063 | Bailey   | Reached skill level 9 in Unarmed Combat
  5115 | Bailey   | Slain by a gnoll sergeant

Vault maps used:
D:1:      minmay_arrival_plants_in_alcoves, minmay_misc_feat_doors
D:3:      demons_altar, grunt_pakellas_salt, first_bread
D:4:      kennysheep_little_box, serial_shops,
          nicolae_shop_temple_entry_statues_fountains, uniq_blork_the_orc
D:5:      lemuel_coloured_pillars_altar, grunt_dithmenos_shadows
D:6:      evilmike_ruin_ashenzari, minmay_temple_entry_junction,
          uniq_crazy_yiuf_cottage
D:7:      serial_shops, nicolae_shop_statue_plus, enter_bailey_7,
          grunt_ogre_cave, uniq_joseph, uniq_duvessa
Temple:   circular_temple_12
Bailey:   bailey_polearm_gnolls_kennysheep, bailey

Skill      XL: |  1  2  3  4  5  6  7  8  9 |
---------------+----------------------------+-----
Unarmed Combat | 1 2 3 4 6 7 8 9 |  9.2
Fighting       | 2 3 4 5 |  5.6
Throwing       | 4 5 |  5.3
Dodging        | 3 |  3.9
Stealth        | |  0.4

Action                   |  1- 3 |  4- 6 |  7- 9 || total
-------------------------+-------+-------+-------++-------
Melee: Unarmed           |   134 |   115 |   240 ||   489
       Punch             |     1 |       |    12 ||    13
Throw: Large rock        |     2 |     6 |    13 ||    21
       Throwing net      |       |       |     1 ||     1
  Use: Scroll            |     4 |     6 |    12 ||    22
       Potion            |       |     3 |     4 ||     7
 Stab: Distracted        |       |     1 |       ||     1
       Sleeping          |       |       |     2 ||     2
  Eat: Chunk             |    18 |     6 |    29 ||    53
Armor: Robe              |    49 |    35 |    77 ||   161
       Skin              |       |     8 |       ||     8
Dodge: Dodged            |    64 |    65 |   177 ||   306
